 Dungeon Crawl Stone Soup version 0.30-a0-424-g7412bad402 (webtiles) character file.

Game seed: 3809743859785837125

112 cforsyth the Chopper (level 4, -3/41 HPs)
             Began as a Minotaur Berserker on Dec 10, 2022.
             Was a Believer of Trog.
             Slain by an orc priest
             ... wielding a +2 dagger of venom
              (4 damage)
             ... on level 2 of the Dungeon.
             The game lasted 00:03:01 (1730 turns).

cforsyth the Chopper (Minotaur Berserker)           Turns: 1730, Time: 00:03:01

Health: -3/41      AC: 12    Str: 24    XL:     4   Next: 64%
Magic:  3/3        EV:  3    Int:  4    God:    Trog [**....]
Gold:   95         SH: 10    Dex:  9    Spells: 3/3 levels left

rFire   . . .      SeeInvis .    a - +0 hand axe
rCold   . . .      Faith    .    o - +0 tower shield
rNeg    . . .      Spirit   .    i - +0 plate armour
rPois   .          Reflect  .    (helmet restricted)
rElec   .          Harm     .    (no cloak)
rCorr   .          Rampage  .    (no gloves)
Will    .....                    r - +0 pair of boots
Stlth   ..........               (no amulet)
HPRegen 0.26/turn                (no ring)
MPRegen 0.08/turn                (no ring)

@: lethally poisoned (-3 -> -9)
A: horns 2, retaliatory headbutt
a: Renounce Religion, Berserk, Trog's Hand


You were on level 2 of the Dungeon.
You worshipped Trog.
Trog was pleased with you.
You visited 1 branch of the dungeon, and saw 3 of its levels.

You collected 95 gold pieces.

Inventory:

Hand Weapons
 a - a +0 hand axe (weapon)
Armour
 i - a +0 plate armour (worn)
 o - a +0 tower shield (worn)
 r - a +0 pair of boots (worn)
Scrolls
 e - a scroll of amnesia {unknown}
 f - 2 scrolls of teleportation {unknown}
 h - a scroll of magic mapping {unknown}
 k - a scroll of poison {unknown}
 n - a scroll of enchant armour {unknown}
 p - a scroll of blinking {unknown}
 q - a scroll of torment {unknown}
Potions
 b - 2 potions of magic {unknown}
 c - 2 potions of curing {unknown}
 d - a potion of brilliance {unknown}
 g - a potion of mutation {unknown}
 j - a potion of attraction {unknown}
 l - a potion of berserk rage {unknown}
 m - a potion of heal wounds {unknown}


   Skills:
 + Level 4.4 Fighting
 + Level 4.5 Axes
 + Level 3.4 Armour
 + Level 3.2 Dodging
 + Level 1.2 Shields


You had 3 spell levels left.
You didn't know any spells.
Your spell library was empty.

Dungeon Overview and Level Annotations

Branches:
Dungeon (3/15)

Altars:
Wu Jian


Innate Abilities, Weirdness & Mutations

You have a pair of horns on your head.
You reflexively headbutt those who attack you in melee.


Message History

Pain shoots through your body!
You hit the orc priest.
The orc priest is severely wounded.
You block the orc priest's attack.
The orc priest hits you but does no damage.
You are poisoned.
You closely miss the orc priest.
The orc priest is severely wounded.
You feel very sick.
The orc priest hits you but does no damage.
You are more poisoned.
The orc priest hits you but does no damage.
You are more poisoned.
You closely miss the orc priest.
The orc priest is severely wounded.
You feel extremely sick.
The orc priest hits you but does no damage.
You are lethally poisoned!
You barely miss the orc priest.
The orc priest is severely wounded.
You feel extremely sick. You block the orc priest's attack. x2
You are too injured to fight recklessly!
You hit the orc priest.
The orc priest is almost dead.
* * * LOW HITPOINT WARNING * * *
You feel very sick. You block the orc priest's attack.
You closely miss the orc priest.
The orc priest is almost dead.
* * * LOW HITPOINT WARNING * * *
You feel very sick. The orc priest completely misses you.
You block the orc priest's attack.
Unknown command.
You barely miss the orc priest.
The orc priest is almost dead.
* * * LOW HITPOINT WARNING * * *
You feel very sick.
The orc priest hits you with a +2 dagger of venom.
You die...

..#####....# ##.#
..# #....# ##..# +##
#....### ##..## .#
#......#####..## .#
#####.:.......# .#
#..####...# .######
#.......#.# ......#
#.####o.#.# ....#.#
#.....@...# ....#'##
#######)### ###....#
####.# # #....#
#.##.#
#....#######.##.#
###............##.##
........###........#
#######.# #........#
#.# #........#


You could see an orc priest.

Vanquished Creatures
  3 gnolls (D:2)
  3 adders
  A worm (D:2)
  A dart slug (D:1)
  An orc (D:2)
  5 bats
  A giant cockroach (D:1)
  4 goblins
  10 hobgoblins
  6 jackals (D:1)
  A quokka (D:1)
  5 ball pythons (D:1)
  2 frilled lizards
  4 kobolds
  2 rats (D:1)
49 creatures vanquished.

Notes
Turn   | Place    | Note
-------+----------+-------------------------------------------
     0 | D:1      | cforsyth the Minotaur Berserker began the quest for the
                  | Orb.
     0 | D:1      | Reached XP level 1. HP: 19/19 MP: 0/0
    90 | D:1      | Reached XP level 2. HP: 26/27 MP: 1/1
   424 | D:1      | Reached ** piety under Trog
   444 | D:1      | Reached XP level 3. HP: 33/33 MP: 2/2
  1202 | D:2      | Reached XP level 4. HP: 11/40 MP: 3/3
  1344 | D:2      | Reached skill level 1 in Shields
  1606 | D:2      | Found a faded altar of an unknown god.
  1704 | D:3      | Found an ornate altar of the Wu Jian Council.
  1730 | D:2      | HP: 1/41 [poisoned by an orc priest]
  1730 | D:2      | Slain by an orc priest

Illustrated notes

Levels and vault maps discovered:
D:1:      scummos_arrival_forest, layout_loops_cross
D:2:      minmay_wonky_spiral, layout_basic,
          hellmonk_ecumenical_altar_pennies_from_heaven
D:3:      layout_loops_ring, nicolae_wu_jian_wuxing_cycle,
          mainiacjoe_overflow_alcove_4

Skill      XL: |  1  2  3  4 |
---------------+-------------+-----
Axes           | 4 |  4.5
Fighting       | 4 |  4.4
Armour         | 3 |  3.4
Dodging        | 3 |  3.2
Shields        | 1 |  1.2

Action                   |  1- 3 |  4- 6 || total
-------------------------+-------+-------++-------
Melee: Hand axe          |    72 |    44 ||   116
       Headbutt          |    10 |     6 ||    16
Invok: Berserk           |     1 |       ||     1
Armor: Animal skin       |    10 |       ||    10
       Plate armour      |    16 |    27 ||    43
Dodge: Dodged            |    51 |     5 ||    56
Block: Tower shield      |     9 |    27 ||    36

Table legend: (Time is in decaauts)
 A = Elapsed time spent in this place.
 B = Non-inter-level travel time spent in this place.
 C = Inter-level travel time spent in this place.
 D = Time resting spent in this place.
 E = Time spent auto-exploring this place.
 F = Levels seen in this place.
 G = Mean time per level.
                   A        B        C        D        E       F      G
               +--------+--------+--------+--------+--------+-----+--------+
         Total |   1775 |   1692 |     83 |      0 |   1352 |   3 |  591.7 |
       Dungeon |   1775 |   1692 |     83 |      0 |   1352 |   3 |  591.7 |
               +--------+--------+--------+--------+--------+-----+--------+

Top non-repeatable levels by time:
     D:2: 1007 daAuts
     D:1: 718 daAuts
     D:3: 49 daAuts
